[Event "Titled Tuesday Blitz February 15 Late 2022"]
[White "Samarth, J Rao"]
[Black "Baches Garcia, Guillermo"]
[WhiteFideId "46652370"]
[BlackFideId "2209764"]
[WhiteElo "1514"]
[BlackElo "2452"]
[Result "0-1"]
[Round "04"]
[TimeControl "180+1"]
[Date "2022.02.16"]
[WhiteClock "0:00:01"]
[BlackClock "0:00:18"]

1. c4 e5 2. Nc3 Nf6 3. Nf3 Nc6 4. e3 d5 5. cxd5 Nxd5 6. Bb5 Nxc3 7. bxc3 Bd6 8. d4 exd4 9. cxd4 O-O 10. O-O Bg4 11. h3 Bh5 12. Rb1 Qe7 13. Bd3 Nb4 14. Be2 Nxa2 15. Bd2 Nb4 16. Bxb4 Bxb4 17. Ne5 Bxe2 18. Qxe2 c5 19. Rfc1 cxd4 20. exd4 Bd6 21. f4 b6 22. Rc6 Rad8 23. Rbc1 f6 24. Qc4+ Kh8 25. Nd3 Bxf4 26. Re6 Qa3 27. Nxf4 Rxd4 28. Qxd4 Qxc1+ 29. Kh2 Qc7 30. Rd6 Re8 31. h4 a5 32. Kh3 Qe7 33. Re6 Qf7 34. Rxe8+ Qxe8 35. Qd5 h6 36. h5 a4 37. Ng6+ Kh7 38. Qf5 Kg8 39. Nf4 a3 40. Qd5+ Qf7 41. Qd8+ Kh7 0-1


[Site "https://www.chess.com"]

[Event "Titled Tuesday Blitz February 15 Late 2022"]
[White "Sanchez, Robert"]
[Black "Slugin, Sergey"]
[WhiteFideId "2034360"]
[BlackFideId "4122569"]
[WhiteElo "2310"]
[BlackElo "2358"]
[Result "0-1"]
[Round "04"]
[TimeControl "180+1"]
[Date "2022.02.16"]
[WhiteClock "0:00:05"]
[BlackClock "0:00:04"]

1. e4 c5 2. Nf3 e6 3. d4 cxd4 4. Nxd4 Nc6 5. Nc3 Qc7 6. Nb3 Nf6 7. Bd3 Bb4 8. O-O O-O 9. Be3 Bxc3 10. bxc3 d5 11. exd5 Nxd5 12. Bd2 Ne5 13. Be4 Nxc3 14. Qe1 Nxe4 15. Qxe4 Ng6 16. c4 Bd7 17. h4 Bc6 18. Qg4 f5 19. Qg5 f4 20. Bc3 Rf5 21. Qg4 Qf7 22. Nd4 h5 23. Qh3 Rc5 24. Nxe6 Rxc4 25. Ng5 Qd5 26. Rac1 f3 27. Rfd1 Nf4 28. Qh2 Ne2+ 29. Kf1 fxg2+ 30. Kxe2 Re8+ 0-1


[Site "https://www.chess.com"]

[Event "Titled Tuesday Blitz February 15 Late 2022"]
[White "Sarkar, Justin"]
[Black "Brunner, Nicolas"]
[WhiteFideId "2010011"]
[BlackFideId "620246"]
[WhiteElo "2038"]
[BlackElo "2372"]
[Result "1/2-1/2"]
[Round "04"]
[TimeControl "180+1"]
[Date "2022.02.16"]
[WhiteClock "0:00:03"]
[BlackClock "0:00:03"]

1. d4 d5 2. c4 e6 3. Nc3 Be7 4. Nf3 Nf6 5. e3 O-O 6. Be2 dxc4 7. O-O a6 8. a4 c5 9. Bxc4 Nc6 10. Qe2 cxd4 11. Rd1 Nd5 12. Nxd5 exd5 13. Nxd4 Bf6 14. Nxc6 bxc6 15. a5 Qe7 16. Bd3 Bb7 17. Qc2 g6 18. e4 Rfe8 19. exd5 cxd5 20. Bf4 Rac8 21. Qd2 Qd7 22. Rac1 d4 23. f3 h5 24. b4 h4 25. h3 Rxc1 26. Rxc1 Rc8 27. Rxc8+ Qxc8 28. Qc1 Qf8 29. Qc5 Qxc5 30. bxc5 Kf8 31. c6 Bxc6 32. Bxa6 Ke8 33. Bc4 Bd8 34. a6 Bb6 35. Kf1 f6 36. Ke2 g5 37. Bh2 Kd7 38. Kd3 Ba8 39. Bg1 f5 40. Bxd4 Kc6 41. Bxb6 Kxb6 42. Be6 g4 43. Bxf5 gxf3 44. gxf3 Bxf3 45. Ke3 Bg2 46. Kf4 Bxh3 47. Bxh3 Kxa6 48. Kg5 Kb6 49. Kxh4 1/2-1/2


[Site "https://www.chess.com"]

[Event "Titled Tuesday Blitz February 15 Late 2022"]
[White "Saveliev, Alexei"]
[Black "Bon, Michael"]
[WhiteFideId "24128546"]
[BlackFideId "620696"]
[WhiteElo "2281"]
[BlackElo "2452"]
[Result "0-1"]
[Round "04"]
[TimeControl "180+1"]
[Date "2022.02.16"]
[WhiteClock "0:00:01"]
[BlackClock "0:00:04"]

1. c4 e5 2. Nc3 Nc6 3. Nf3 Nf6 4. e3 Bb4 5. Qc2 O-O 6. Nd5 a5 7. Qf5 Nxd5 8. cxd5 d6 9. Qc2 Ne7 10. a3 Bc5 11. Nxe5 dxe5 12. Qxc5 Nxd5 13. Be2 b6 14. Qc2 Bb7 15. O-O Nf6 16. b3 Qd6 17. Bb2 Rad8 18. Rfd1 c5 19. d4 exd4 20. exd4 Be4 21. Bd3 Ng4 22. Bxe4 Qxh2+ 23. Kf1 Rfe8 24. dxc5 Rxd1+ 25. Rxd1 f5 26. Qc4+ Kh8 27. Qe6 Qh5 28. Qd7 Nf6 29. Bxf6 gxf6 30. g3 fxe4 31. Kg2 Qf3+ 32. Kg1 Re5 33. Rd6 Rh5 34. Qe8+ Kg7 35. Rd7+ Kh6 36. Qf8+ Kg5 37. Rg7+ Kf5 38. Qc8+ Ke5 39. Qc7+ Kd4 40. Qd6+ Kc3 0-1


[Site "https://www.chess.com"]

[Event "Titled Tuesday Blitz February 15 Late 2022"]
[White "Sjugirov, Sanan"]
[Black "Dev, Shah"]
[WhiteFideId "4189302"]
[BlackFideId "35019058"]
[WhiteElo "2602"]
[BlackElo "2098"]
[Result "1-0"]
[Round "04"]
[TimeControl "180+1"]
[Date "2022.02.15"]
[WhiteClock "0:00:04"]
[BlackClock "0:00:01"]

1. e4 e5 2. Nf3 Nc6 3. Bb5 a6 4. Ba4 Nf6 5. O-O Nxe4 6. d4 b5 7. Bb3 d5 8. dxe5 Be6 9. Qe2 Be7 10. Rd1 O-O 11. c4 bxc4 12. Bxc4 Bc5 13. Be3 Bxe3 14. Qxe3 Qb8 15. Bb3 Na5 16. Nd4 c5 17. Nxe6 fxe6 18. f3 c4 19. fxe4 cxb3 20. exd5 bxa2 21. Rxa2 Nc4 22. Qd4 Qb3 23. Nc3 Nxb2 24. Rda1 Rac8 25. Ne2 Rc2 26. Nf4 g5 27. dxe6 Rxf4 28. Qd8+ Rf8 29. Qxg5+ Kh8 30. e7 Re8 31. Qf6+ Kg8 32. Rf1 Rcc8 33. Rxa6 Qe3+ 34. Kh1 Qb3 35. Rb6 Qc3 36. Qf7+ Kh8 37. Qf6+ Kg8 38. Rd6 Nd3 39. Qe6+ Kh8 40. Qf6+ Kg8 41. Rd8 Nf2+ 42. Qxf2 Rcxd8 43. exd8=Q Rxd8 44. Qf7+ 1-0


[Site "https://www.chess.com"]

[Event "Titled Tuesday Blitz February 15 Late 2022"]
[White "Sliwicki, Damian"]
[Black "Erdogdu, Mert"]
[WhiteFideId "1127128"]
[BlackFideId "6301495"]
[WhiteElo "2084"]
[BlackElo "2485"]
[Result "0-1"]
[Round "04"]
[TimeControl "180+1"]
[Date "2022.02.16"]
[WhiteClock "0:00:27"]
[BlackClock "0:01:28"]

1. e4 c5 2. Nf3 d6 3. d4 cxd4 4. Qxd4 Nc6 5. Bb5 Bd7 6. Bxc6 Bxc6 7. Nc3 Nf6 8. Bg5 e6 9. O-O-O Be7 10. Kb1 O-O 11. Rhe1 b5 12. e5 dxe5 13. Qxe5 Qb6 14. Nd4 Rfc8 15. Nxe6 b4 16. Ne2 fxe6 17. Qxe6+ Kf8 18. Nd4 Rc7 19. Bxf6 Bxf6 20. Qc4 Bd7 21. Qd5 Rd8 22. Re6 Bxe6 23. Nxe6+ Qxe6 0-1


[Site "https://www.chess.com"]

[Event "Titled Tuesday Blitz February 15 Late 2022"]
[White "Sohal, Tanraj"]
[Black "Antova, Gabriela"]
[WhiteFideId "2608499"]
[BlackFideId "2915235"]
[WhiteElo "2200"]
[BlackElo "2184"]
[Result "1-0"]
[Round "04"]
[TimeControl "180+1"]
[Date "2022.02.16"]
[WhiteClock "0:01:09"]
[BlackClock "0:00:05"]

1. d4 d5 2. c3 Nf6 3. Nf3 e6 4. g3 c5 5. Bg2 Be7 6. O-O O-O 7. Nbd2 b6 8. Ne5 Bb7 9. Ndf3 Nbd7 10. Bf4 b5 11. a4 a6 12. Qc2 b4 13. dxc5 Bxc5 14. cxb4 Bxb4 15. Qb3 a5 16. Nd3 Ba6 17. Nxb4 axb4 18. Qxb4 Bxe2 19. Rfe1 Ba6 20. Ne5 Rb8 21. Qd6 Nxe5 22. Bxe5 Ra8 23. b4 Bc4 24. b5 Nd7 25. Bb2 Qc8 26. h4 Rd8 27. h5 Nc5 28. Qe5 f6 29. Qe3 e5 30. h6 g6 31. a5 d4 32. Qf3 Bd5 33. Qxf6 Bxg2 34. Qg7# 1-0


[Site "https://www.chess.com"]

[Event "Titled Tuesday Blitz February 15 Late 2022"]
[White "Stanisz, Patryk"]
[Black "Tan, Jun Ying"]
[WhiteFideId "1123106"]
[BlackFideId "5710413"]
[WhiteElo "1876"]
[BlackElo "1827"]
[Result "1/2-1/2"]
[Round "04"]
[TimeControl "180+1"]
[Date "2022.02.16"]
[WhiteClock "0:00:07"]
[BlackClock "0:00:21"]

1. Nf3 c5 2. g3 b6 3. Bg2 Bb7 4. O-O Nf6 5. d3 g6 6. e4 Bg7 7. Nc3 O-O 8. h4 d5 9. exd5 Nxd5 10. Bd2 Nxc3 11. Bxc3 Bxc3 12. bxc3 Nc6 13. Qd2 Qd6 14. Rfe1 Qf6 15. Re2 Rad8 16. Rae1 Rd6 17. Ng5 Rd7 18. Bh3 Rc7 19. Bg2 Rd8 20. Ne4 Qg7 21. Ng5 h6 22. Nh3 c4 23. Nf4 cxd3 24. cxd3 Rcd7 25. d4 Na5 26. Rxe7 Bxg2 27. Kxg2 Qf6 28. Re8+ Rxe8 29. Rxe8+ Kg7 30. Qd3 Nb7 31. Re2 Nd6 32. Qe3 Nf5 33. Qe8 Rc7 34. Qe5 Qxe5 35. dxe5 Rxc3 36. e6 fxe6 37. Rxe6 Rc2 38. Rxg6+ Kf7 39. h5 Rxa2 40. Nd5 Ng7 41. Rf6+ Kg8 42. Rxh6 Ra5 43. Ne7+ Kf7 44. Ng6 Rxh5 45. Rxh5 Nxh5 46. Ne5+ Ke6 47. f4 b5 48. Kf3 a5 49. Nc6 a4 50. Nd4+ Kd5 51. Nxb5 Kc4 52. Na3+ Kd5 53. g4 Nf6 54. g5 Nd7 55. Kg4 Ke6 56. f5+ Kf7 57. Kf4 Nb6 58. Ke5 Nd7+ 59. Kd6 Nb6 60. Kc6 Nc8 61. Kb5 Ne7 62. f6 Ng8 63. Kxa4 Nxf6 64. gxf6 Kxf6 1/2-1/2


[Site "https://www.chess.com"]

[Event "Titled Tuesday Blitz February 15 Late 2022"]
[White "Stankovic, Ivan G"]
[Black "Prohorov, Olexandr"]
[WhiteFideId "902837"]
[BlackFideId "14105578"]
[WhiteElo "2195"]
[BlackElo "1993"]
[Result "0-1"]
[Round "04"]
[TimeControl "180+1"]
[Date "2022.02.16"]
[WhiteClock "0:00:07"]
[BlackClock "0:00:17"]

1. e4 c5 2. c4 g6 3. Nc3 Bg7 4. g3 Nc6 5. Bg2 e6 6. d3 Nge7 7. Nge2 O-O 8. Be3 Nd4 9. Rb1 Nec6 10. a3 a5 11. O-O d6 12. Nb5 Rb8 13. Nexd4 Nxd4 14. Nxd4 cxd4 15. Bd2 b5 16. cxb5 Rxb5 17. b4 axb4 18. Bxb4 Ba6 19. Qd2 Qd7 20. Rbc1 Rb7 21. Rc2 Rd8 22. Rfc1 Qb5 23. Bf1 h5 24. Rc7 Kh7 25. Rxb7 Qxb7 26. Qc2 d5 27. exd5 Qxd5 28. Qc5 Qf3 29. Qc6 Qxc6 30. Rxc6 Bb5 31. Rc7 Kg8 32. Rc5 Ba4 33. Bg2 Rb8 34. Bc6 Bd1 35. Bd7 Be2 36. Rb5 Rd8 37. Rb7 Bxd3 38. Be7 Ra8 39. a4 Be4 40. Rc7 Bf8 41. Bxf8 Kxf8 42. Rc8+ Rxc8 43. Bxc8 Ba8 44. a5 Ke7 45. Kf1 Kd6 46. Ke2 Kc5 47. Kd3 e5 48. a6 f5 49. Bb7 e4+ 50. Kd2 Kb6 51. Kd1 Bxb7 52. axb7 Kxb7 53. Kd2 Kc6 54. f3 Kc5 55. f4 Kc4 56. h3 e3+ 57. Ke2 Kc3 58. Ke1 d3 59. Kd1 d2 60. Ke2 Kc2 61. Kxe3 d1=Q 62. Kf2 Qd3 0-1


[Site "https://www.chess.com"]

[Event "Titled Tuesday Blitz February 15 Late 2022"]
[White "Stoleriu, George"]
[Black "Kamsky, Gata"]
[WhiteFideId "1227505"]
[BlackFideId "2000024"]
[WhiteElo "2203"]
[BlackElo "2645"]
[Result "1/2-1/2"]
[Round "04"]
[TimeControl "180+1"]
[Date "2022.02.15"]
[WhiteClock "0:00:24"]
[BlackClock "0:00:22"]

1. e4 e5 2. Nf3 Nc6 3. Bb5 Nf6 4. d3 d6 5. c3 Bd7 6. O-O g6 7. Re1 Bg7 8. Bg5 h6 9. Bxf6 Bxf6 10. Nbd2 O-O 11. Nf1 Bg7 12. Ne3 Kh8 13. b4 f5 14. h3 f4 15. Nd5 g5 16. Nh2 a6 17. Ba4 b5 18. Bb3 Ne7 19. Nxe7 Qxe7 20. Qh5 Be8 21. Qe2 h5 22. a4 Rb8 23. axb5 axb5 24. Ra7 Qd8 25. Rea1 Kh7 26. Bd5 c6 27. Be6 Kh6 28. R1a6 Rb6 29. Rxb6 Qxb6 30. Qa2 Bg6 31. Qa6 Qxa6 32. Rxa6 Be8 33. Bf5 Rf7 34. Ra8 Bd7 35. Ra7 Be8 36. Rxf7 Bxf7 37. Bd7 c5 38. Bxb5 cxb4 39. cxb4 d5 40. Bc6 dxe4 41. dxe4 Bf8 42. b5 Kg7 43. Nf3 Kf6 44. Ne1 Bc5 45. Nd3 Bd4 46. Nb4 Ke7 47. Nd5+ Kd6 48. Nf6 Ke7 49. Nd5+ Kd6 50. Kf1 g4 51. hxg4 hxg4 52. f3 gxf3 53. gxf3 Be6 54. Kg2 Bxd5 55. Bxd5 Kc5 56. Bc6 Kb6 57. Kh3 Kc5 58. Kg4 Kb6 59. Kf5 Bc3 60. Ke6 Bb2 61. Kd5 Ba1 62. Be8 Bb2 1/2-1/2


[Site "https://www.chess.com"]

[Event "Titled Tuesday Blitz February 15 Late 2022"]
[White "Suarez Uriel, Adrian"]
[Black "Quirke, Jeffrey"]
[WhiteFideId "22230874"]
[BlackFideId "2013029"]
[WhiteElo "2316"]
[BlackElo "2189"]
[Result "1/2-1/2"]
[Round "04"]
[TimeControl "180+1"]
[Date "2022.02.16"]
[WhiteClock "0:01:30"]
[BlackClock "0:00:07"]

1. e4 c5 2. Ne2 e6 3. d4 cxd4 4. Nxd4 a6 5. Bd3 Bc5 6. Nb3 Ba7 7. O-O Nc6 8. Qg4 Qf6 9. Nc3 h5 10. Qg5 Qxg5 11. Bxg5 Nf6 12. Bxf6 gxf6 13. Rad1 b5 14. Rfe1 Bb7 15. Nd5 exd5 16. exd5+ Kf8 17. dxc6 Bxc6 18. Be4 Re8 19. Bxc6 dxc6 20. g3 c5 21. Kg2 c4 22. Na5 Rxe1 23. Rxe1 Kg7 24. Re7 Bc5 25. Rd7 Re8 26. Nb7 Bf8 27. Kf3 Re1 28. Nd8 Re7 29. Rxe7 Bxe7 30. Nc6 Bc5 31. b3 cxb3 32. cxb3 f5 33. Nb8 a5 34. a4 bxa4 35. bxa4 Bb4 36. Kf4 Kf6 37. Nc6 Be1 38. Kf3 Ke6 39. Ke2 Bb4 40. Kd3 Kd5 41. Nd8 Be1 42. f3 Kc5 43. Nxf7 Kb4 44. Nd6 Kxa4 45. Kc4 Ka3 46. Nxf5 a4 47. Kb5 Kb3 48. Nd4+ Kc3 49. Ne2+ Kd2 50. Nd4 a3 51. f4 a2 52. Nb3+ Ke3 53. f5 Bc3 54. Kc4 a1=Q 55. Nxa1 Bxa1 56. Kd5 Kf3 57. Ke6 Kg2 58. Kf7 Kxh2 59. Kg6 Kxg3 60. Kxh5 Kf4 61. Kg6 Bb2 62. f6 Bxf6 1/2-1/2


[Site "https://www.chess.com"]

[Event "Titled Tuesday Blitz February 15 Late 2022"]
[White "Szpar, Milosz"]
[Black "Kim, Sergey"]
[WhiteFideId "1184989"]
[BlackFideId "13700570"]
[WhiteElo "2447"]
[BlackElo "2599"]
[Result "0-1"]
[Round "04"]
[TimeControl "180+1"]
[Date "2022.02.16"]
[WhiteClock "0:01:22"]
[BlackClock "0:00:14"]

1. c4 Nf6 2. Nf3 g6 3. Nc3 Bg7 4. e4 d6 5. d4 O-O 6. h3 e5 7. d5 a5 8. g4 Na6 9. Be3 Nc5 10. Nd2 Bd7 11. b3 c6 12. Be2 Rc8 13. h4 Ne8 14. g5 Nc7 15. Nf1 cxd5 16. exd5 e4 17. Bd4 N7a6 18. Bxg7 Kxg7 19. Qd4+ Kg8 20. Ng3 Nb4 21. Kd2 Bf5 22. h5 Qxg5+ 23. Qe3 Qf6 24. hxg6 fxg6 25. Rag1 Rc7 26. Rh2 Rg7 27. Rhg2 Kh8 28. Nh5 Qe5 29. Nxg7 Qxg7 30. Bd1 Nbd3 31. Rh1 Rf7 32. Rgh2 Qe5 33. Qg5 Kg8 34. Be2 Nf4 35. Nd1 e3+ 36. Ke1 exf2+ 37. Rxf2 Nfd3+ 38. Kf1 Nxf2 39. Nxf2 Ne4 40. Qg2 Ng3+ 41. Kg1 Nxe2+ 42. Kf1 Ng3+ 43. Kg1 Nxh1 44. Nxh1 Be4 0-1


[Site "https://www.chess.com"]

[Event "Titled Tuesday Blitz February 15 Late 2022"]
[White "Tanenbaum, Zachary"]
[Black "Tari, Aryan"]
[WhiteFideId "2060850"]
[BlackFideId "1510045"]
[WhiteElo "2168"]
[BlackElo "2567"]
[Result "0-1"]
[Round "04"]
[TimeControl "180+1"]
[Date "2022.02.15"]
[WhiteClock "0:00:04"]
[BlackClock "0:00:01"]

1. e4 c5 2. Nf3 e6 3. d4 cxd4 4. Nxd4 Nc6 5. Nc3 Qc7 6. g3 a6 7. Bg2 h5 8. O-O h4 9. Re1 hxg3 10. hxg3 Bc5 11. Bf4 Qd8 12. Be3 Be7 13. Nxc6 bxc6 14. e5 f5 15. Na4 Rb8 16. Bc5 Nh6 17. b3 Nf7 18. Qd2 Bxc5 19. Nxc5 Qe7 20. Qd4 a5 21. c3 O-O 22. b4 Nh6 23. a4 f4 24. Be4 fxg3 25. fxg3 Qg5 26. Qe3 Qh5 27. Kg2 Ng4 28. Qg1 Rf2+ 29. Qxf2 Qh2+ 30. Kf3 Nxf2 31. Re2 Ba6 32. Nxa6 Rf8+ 33. Ke3 Qxg3+ 34. Kd2 Nxe4+ 35. Rxe4 Rf2+ 36. Re2 Qf4+ 37. Kd3 Qf5+ 38. Re4 Rf3+ 39. Kd4 d5 40. Rh4 Qd3+ 41. Kc5 Qxc3+ 42. Kd6 Qxa1 43. Nc7 axb4 44. Nxe6 Qxa4 45. Rg4 Rf7 46. Rg6 c5 47. Ng5 Qa6+ 48. Kxd5 Qxg6 49. Ne6 Qxe6+ 50. Ke4 b3 51. Ke3 b2 52. Kd3 b1=Q+ 53. Kc3 Qeb3+ 54. Kd2 Q3d3# 0-1


[Site "https://www.chess.com"]

[Event "Titled Tuesday Blitz February 15 Late 2022"]
[White "Tomiello, Mateus Costamilan"]
[Black "Bolanos, Fernando"]
[WhiteFideId "22701958"]
[BlackFideId "3304094"]
[WhiteElo "1975"]
[BlackElo "2019"]
[Result "0-1"]
[Round "04"]
[TimeControl "180+1"]
[Date "2022.02.16"]
[WhiteClock "0:00:03"]
[BlackClock "0:00:38"]

1. d4 Nf6 2. c4 c5 3. d5 b5 4. cxb5 a6 5. bxa6 e6 6. Nc3 exd5 7. Nxd5 Nxa6 8. Bg5 Be7 9. Nxe7 Qxe7 10. Nf3 d5 11. e3 Be6 12. Bb5+ Kf8 13. O-O h6 14. Bh4 Kg8 15. Ne5 Kh7 16. Nc6 Qb7 17. Qd3+ Ne4 18. f3 c4 19. Bxc4 Nc5 20. Qc2 dxc4 21. Nd4 Rhb8 22. Nxe6 fxe6 23. fxe4 Qxe4 24. Qxe4+ Nxe4 25. Rf4 Nd2 26. Be1 Rxb2 27. Bxd2 Rxd2 28. Rxc4 Raxa2 29. Rxa2 Rxa2 30. Rc6 Kg6 31. Rxe6+ Kf5 32. Re7 g5 33. h3 h5 34. e4+ Kf4 35. Kh2 g4 36. hxg4 hxg4 37. e5 Ra1 38. g3+ Kf5 39. e6 Ra2+ 40. Kg1 Kf6 41. Re8 Ra3 42. Kf2 Ra2+ 43. Ke3 Ra4 44. Kf2 Rb4 45. Ke3 Ra4 46. Kd3 Ra3+ 47. Ke4 Rxg3 48. Kf4 Rg1 49. e7 Kf7 50. Rg8 Rf1+ 51. Kg5 Kxe7 52. Rg7+ Ke6 53. Ra7 Rg1 54. Ra3 g3 55. Kf4 g2 56. Rg3 Rf1+ 0-1


[Site "https://www.chess.com"]

[Event "Titled Tuesday Blitz February 15 Late 2022"]
[White "Urbina Quiroz, Edwin"]
[Black "Proudian, Armen"]
[WhiteFideId "6500650"]
[BlackFideId "2130734"]
[WhiteElo "2130"]
[BlackElo "2380"]
[Result "0-1"]
[Round "04"]
[TimeControl "180+1"]
[Date "2022.02.16"]
[WhiteClock "0:00:01"]
[BlackClock "0:00:38"]

1. e4 e5 2. Nf3 Nc6 3. c3 Nf6 4. d4 exd4 5. e5 Nd5 6. cxd4 Bb4+ 7. Bd2 O-O 8. Bc4 Nb6 9. Bd3 d6 10. Nc3 dxe5 11. Bxh7+ Kxh7 12. Ng5+ Kg6 13. h4 Bxc3 14. bxc3 exd4 15. h5+ Kf6 16. Qe2 Bf5 17. O-O-O Re8 18. Qf3 Qd5 19. Qf4 Ke7 20. Rhe1+ Kd7 21. Rxe8 Rxe8 22. g4 Be6 23. Nxe6 Qxe6 24. cxd4 Nd5 25. Qg5 Nxd4 26. Be3 Qc6+ 27. Kb2 Qc2+ 28. Ka3 Nb5# 0-1


[Site "https://www.chess.com"]

[Event "Titled Tuesday Blitz February 15 Late 2022"]
[White "Vargas Pereda, Jesus Manue"]
[Black "Kujawski, Adam"]
[WhiteFideId "5115710"]
[BlackFideId "1100920"]
[WhiteElo "1768"]
[BlackElo "2053"]
[Result "0-1"]
[Round "04"]
[TimeControl "180+1"]
[Date "2022.02.16"]
[WhiteClock "0:00:03"]
[BlackClock "0:00:17"]

1. d4 Nf6 2. Bf4 c5 3. e3 d5 4. Nf3 Nc6 5. c3 Qb6 6. Qc2 g6 7. dxc5 Qxc5 8. Bd3 Bg7 9. O-O a5 10. Nbd2 O-O 11. Nb3 Qb6 12. Nbd4 Re8 13. Nxc6 bxc6 14. Ne5 Nd7 15. Nxd7 Bxd7 16. e4 e6 17. Be3 c5 18. Rfe1 d4 19. Bd2 Rab8 20. Rab1 Bb5 21. a4 Bxd3 22. Qxd3 Qb3 23. Red1 c4 24. Qf3 d3 25. Bf4 Rbc8 26. h3 Qxa4 27. e5 Qc6 28. Ra1 Qxf3 29. gxf3 Ra8 30. Ra4 Rec8 31. Kf1 Rc5 32. Ke1 Bxe5 33. Bxe5 Rxe5+ 34. Kd2 Re2+ 35. Kc1 Rc2+ 36. Kb1 Rb8 37. Rxc4 Rbxb2+ 38. Ka1 Ra2+ 39. Kb1 Rcb2+ 40. Kc1 d2+ 41. Rxd2 Rxd2 42. Kb1 Kg7 43. Kc1 Rxf2 44. Kb1 Rae2 45. Rd4 Re1+ 0-1


[Site "https://www.chess.com"]

[Event "Titled Tuesday Blitz February 15 Late 2022"]
[White "Villegas, Pierre"]
[Black "volunteers1998"]
[WhiteFideId "654183"]
[WhiteElo "2410"]
[BlackElo "2270"]
[Result "1-0"]
[Round "04"]
[TimeControl "180+1"]
[Date "2022.02.16"]
[WhiteClock "0:00:06"]
[BlackClock "0:00:02"]

1. d4 f5 2. Bg5 h6 3. Bh4 c5 4. e3 Qb6 5. Nc3 cxd4 6. exd4 Qe6+ 7. Be2 g5 8. d5 Qb6 9. Qd2 gxh4 10. Bh5+ Kd8 11. O-O-O Nf6 12. Bf3 d6 13. Nge2 Nbd7 14. Nd4 Ne5 15. Be2 Bd7 16. f4 Ng6 17. Qe3 Rc8 18. Bd3 Kc7 19. Be2 Kb8 20. Bf3 h5 21. h3 Nxf4 22. Kb1 Rxc3 23. Qxc3 Bg7 24. Qd2 N4xd5 25. c4 Nb4 26. Qg5 Rg8 27. Qxh4 e5 28. Nb3 Ne4 29. Bxe4 fxe4 30. Qxe4 Rf8 31. Rhf1 Rxf1 32. Rxf1 Qc6 33. Qg6 a6 34. a3 Qxc4 35. Rc1 Qd3+ 36. Qxd3 Nxd3 37. Rf1 e4 38. Rf7 Bxb2 39. Rxd7 Bxa3 40. Nd4 Bc5 41. Nf5 e3 42. Rd8+ Ka7 43. Re8 d5 44. Nxe3 Bd4 45. Nc2 Bf6 46. g4 hxg4 47. hxg4 Bg5 48. Rg8 Bf6 49. g5 Bc3 50. g6 a5 51. g7 b5 52. Ra8+ Kxa8 53. g8=Q+ Kb7 54. Qxd5+ 1-0


[Site "https://www.chess.com"]

[Event "Titled Tuesday Blitz February 15 Late 2022"]
[White "Vine, Elzbieta"]
[Black "Bettalli, Francesco"]
[WhiteFideId "1119320"]
[BlackFideId "2816453"]
[WhiteElo "1820"]
[BlackElo "2216"]
[Result "0-1"]
[Round "04"]
[TimeControl "180+1"]
[Date "2022.02.16"]
[WhiteClock "0:00:27"]
[BlackClock "0:02:27"]

1. e4 e5 2. Nf3 Nf6 3. Nxe5 Nc6 4. Nxc6 dxc6 5. Nc3 Bc5 6. d3 Ng4 7. Be3 Nxe3 8. fxe3 Bxe3 9. Qe2 Bg5 10. Qh5 O-O 11. Be2 Be3 12. Nd1 g6 13. Qf3 Bc5 14. Nc3 Qg5 15. h4 Qh6 16. a3 Be6 17. Na4 Bd4 18. c3 Be3 19. g4 Bd2+ 20. Kd1 Bb3# 0-1


[Site "https://www.chess.com"]

[Event "Titled Tuesday Blitz February 15 Late 2022"]
[White "Wagner, Dennis"]
[Black "Poormosavi, Seyed Kian"]
[WhiteFideId "24650684"]
[BlackFideId "12585807"]
[WhiteElo "2355"]
[BlackElo "2116"]
[Result "1-0"]
[Round "04"]
[TimeControl "180+1"]
[Date "2022.02.15"]
[WhiteClock "0:00:29"]
[BlackClock "0:00:12"]

1. Nf3 Nf6 2. c4 b6 3. g3 Bb7 4. Bg2 g6 5. O-O Bg7 6. d4 O-O 7. Re1 d6 8. Qc2 c5 9. d5 e6 10. e4 exd5 11. cxd5 Re8 12. Bf4 b5 13. a4 a6 14. axb5 axb5 15. Rxa8 Bxa8 16. Na3 Qa5 17. Bxd6 Bxd5 18. Qxc5 Bxe4 19. Qxb5 Qxb5 20. Nxb5 Bxf3 21. Rxe8+ Nxe8 22. Bxf3 Nxd6 23. Nxd6 Na6 24. b3 Be5 25. Nc4 Bd4 26. Bd5 Nb4 27. Be4 f5 28. Bb1 Kf7 29. Kf1 Ke6 30. f4 Nd5 31. Ke2 Nc3+ 32. Kd3 Kd5 33. Bc2 Na2 34. Bd1 Kc5 35. Bf3 Bg1 36. Ke2 Nc1+ 37. Kf1 Bd4 38. Bd1 Bf6 39. Kf2 Kd4 40. Kf3 Kd3 41. Ne5+ Kd2 42. b4 Kxd1 43. b5 Nb3 44. Nd7 Bd8 45. b6 Na5 46. h3 Kd2 47. g4 Kd3 48. g5 Kd4 49. h4 Kd5 50. Nf8 Bxb6 51. Nxh7 Ke6 52. Nf8+ Kf7 53. Nd7 Bd8 54. Ne5+ Kg7 55. Ke3 Nb7 56. Kd4 Bb6+ 57. Kd5 Bf2 58. Nf3 Na5 59. Ke6 Nb3 60. h5 gxh5 61. Kxf5 Nd4+ 62. Nxd4 Bxd4 63. Ke4 h4 64. f5 h3 65. Kf3 Be5 66. Kf2 Bh2 67. Kf3 Kf7 68. Kg4 Be5 69. Kxh3 Bf6 70. Kg4 Bxg5 71. Kxg5 Kg7 72. Kg4 Kf6 73. Kf4 Kf7 74. Ke5 Ke7 75. Kd5 Kf7 76. Ke4 Kf6 77. Kf4 Kf7 78. Kg5 Kg7 79. f6+ Kf7 80. Kf5 Kf8 81. Kg6 Kg8 82. Kg5 Kf7 83. Kf5 Kf8 84. Ke4 Kf7 85. Ke5 Kf8 86. Ke6 Ke8 87. Kf5 Kf7 88. Kg5 Kg8 89. Kg6 Kf8 90. f7 Ke7 91. Kg7 1-0


[Site "https://www.chess.com"]

[Event "Titled Tuesday Blitz February 15 Late 2022"]
[White "Wan, Joseph"]
[Black "Fiorito, Fabian"]
[WhiteFideId "2069890"]
[BlackFideId "100200"]
[WhiteElo "2149"]
[BlackElo "2395"]
[Result "1-0"]
[Round "04"]
[TimeControl "180+1"]
[Date "2022.02.16"]
[WhiteClock "0:00:56"]
[BlackClock "0:01:28"]

1. d4 d5 2. Bf4 Nf6 3. e3 c5 4. Nf3 Nc6 5. Nbd2 cxd4 6. exd4 a6 7. Bd3 Nb4 8. Be2 Bf5 9. O-O Nxc2 10. Rc1 Nb4 11. a3 Nc6 12. Ne5 Rc8 13. Nxc6 Rxc6 14. Rxc6 bxc6 15. Bxa6 Qb6 16. Qa4 e6 17. Rc1 Qxb2 18. Qxc6+ Nd7 19. Bc8 e5 20. dxe5 Bxa3 21. Re1 Be6 22. Bxd7+ Bxd7 23. Qa8+ Ke7 24. Qxh8 Bb4 25. Bg5+ Ke6 26. Qxg7 Be8 27. Qf6+ Kd7 28. Qd8+ Ke6 29. Qxe8+ Kf5 30. Qxf7+ Kxg5 31. Nf3+ Kg4 32. h3# 1-0


[Site "https://www.chess.com"]

[Event "Titled Tuesday Blitz February 15 Late 2022"]
[White "Weetik, Vjacheslav"]
[Black "Balint, Vilmos"]
[WhiteFideId "4153472"]
[BlackFideId "718050"]
[WhiteElo "2469"]
[BlackElo "2059"]
[Result "1-0"]
[Round "04"]
[TimeControl "180+1"]
[Date "2022.02.16"]
[WhiteClock "0:00:31"]
[BlackClock "0:01:33"]

1. d4 f5 2. g3 Nf6 3. Bg2 g6 4. c3 Bg7 5. Qb3 e6 6. Nd2 Nc6 7. Nh3 O-O 8. Nf4 g5 9. Nd3 d6 10. h4 g4 11. e4 Kh8 12. O-O Nh5 13. exf5 exf5 14. Nc4 f4 15. Bxf4 Nxf4 16. Nxf4 Rxf4 17. gxf4 Qxh4 18. Rfe1 Bd7 19. Qxb7 Rb8 20. Qxc7 g3 21. fxg3 Qxg3 22. Qxd7 Nxd4 23. Re8+ 1-0


[Site "https://www.chess.com"]

[Event "Titled Tuesday Blitz February 15 Late 2022"]
[White "Yang, Kaiqi"]
[Black "Kraus, Tomas"]
[WhiteFideId "8604398"]
[BlackFideId "331708"]
[WhiteElo "2373"]
[BlackElo "2389"]
[Result "1-0"]
[Round "04"]
[TimeControl "180+1"]
[Date "2022.02.16"]
[WhiteClock "0:00:05"]
[BlackClock "0:00:01"]

1. c4 e5 2. g3 c6 3. Nf3 e4 4. Nd4 Qb6 5. Nc2 Nf6 6. Nc3 d5 7. cxd5 cxd5 8. d3 Bc5 9. d4 Bd6 10. Rb1 O-O 11. Bg5 Nbd7 12. Bh3 h6 13. Bf4 Bxf4 14. gxf4 Qd6 15. e3 Nb6 16. Bf1 Bg4 17. Qd2 a6 18. Rg1 Rac8 19. h3 Bh5 20. Rg3 Nc4 21. Bxc4 Rxc4 22. Kf1 Rfc8 23. Kg2 Bf3+ 24. Kh2 Nh5 25. Rgg1 b5 26. a3 Qd7 27. Ne1 a5 28. Nxf3 exf3 29. Qd1 b4 30. axb4 axb4 31. Qxf3 Nxf4 32. Qxf4 bxc3 33. bxc3 Kh7 34. Rg3 Rxc3 35. Rbg1 g6 36. Rg4 R3c6 37. Rh4 h5 38. Rg5 Qc7 39. Qxc7 R8xc7 40. Rf4 Rc2 41. h4 Rd7 42. Rg2 Kg7 43. Kg3 f5 44. Kf3 Kf6 45. Rg1 Rb7 46. Ra1 Rbb2 47. Kg3 Rb6 48. Kg2 Rbb2 49. Rf3 Rb6 50. Ra7 Rd6 51. Rb7 Ra2 52. Rg3 Rc2 53. Kf3 Rd2 54. Rg1 Rc2 55. Ra1 Rcc6 56. Raa7 Ke6 57. Re7+ Kf6 58. Rf7+ Ke6 59. Rae7# 1-0


[Site "https://www.chess.com"]